 Dungeon Crawl Stone Soup version 0.29-a0-668-g12ee2bf84d (webtiles) character file.

Game seed: 9006938447884439679

7 dolemite99 the Chopper (level 2, 0/26 HPs)
             Began as a Hill Orc Chaos Knight on June 24, 2022.
             Was a Plaything of Xom.
             Slain by a quokka (3 damage)
             ... on level 1 of the Dungeon.
             The game lasted 00:00:14 (78 turns).

dolemite99 the Chopper (Hill Orc Chaos Knight)        Turns: 78, Time: 00:00:16

Health: 0/26       AC:  5    Str: 14    XL:     2   Next: 0%
Magic:  2/2        EV: 11    Int: 12    God:    Xom [..*...]
Gold:   0          SH:  0    Dex: 10    Spells: 1/1 levels left

rFire   . . .      SeeInvis .   a - +0 hand axe (chaos)
rCold   . . .      Faith    .   (no shield)
rNeg    . . .      Spirit   .   b - +2 leather armour
rPois   .          Reflect  .   (no helmet)
rElec   .          Harm     .   (no cloak)
rCorr   .          Rampage  .   (no gloves)
Will    .....                   (no boots)
Stlth   +.........              (no amulet)
HPRegen 0.08/turn               (no ring)
MPRegen 0.08/turn               (no ring)

@: no status effects
A: no striking features
a: Renounce Religion


You were on level 1 of the Dungeon.
You worshipped Xom.
You were a toy of Xom.
You visited 1 branch of the dungeon, and saw 1 of its levels.

Inventory:

Hand Weapons
 a - a +0 hand axe of chaos (weapon)
Armour
 b - a +2 leather armour (worn)
Miscellaneous
 c - a piece from Xom's chessboard (inert) (quivered)


   Skills:
 - Level 3.6 Fighting
 + Level 4.7 Axes
 - Level 2.1 Armour
 - Level 0.7 Dodging


You had one spell level left.
You didn't know any spells.
Your spell library was empty.

Dungeon Overview and Level Annotations

Branches:
Dungeon (1/15)

Altars:


Message History

No target in view!
Found an escape hatch in the floor.
A hobgoblin comes into view.
The hobgoblin shouts!
You make a move on Xom's chessboard...
The hobgoblin appears confused.
You make a move on Xom's chessboard...
The hobgoblin seems to speed up.
You make a move on Xom's chessboard...
The hobgoblin seems to grow stronger.
Xom is highly amused!
The hobgoblin hits itself.
You make a move on Xom's chessboard...
The hobgoblin is moving more slowly.
You make a move on Xom's chessboard...
The hobgoblin is outlined in light.
You make a move on Xom's chessboard...
The hobgoblin seems to slow down.
A quokka comes into view.
You make a move on Xom's chessboard...
The quokka flickers and vanishes!
Deactivating autopickup; reactivate with Ctrl-A.
The hobgoblin stops moving altogether!
You make a move on Xom's chessboard...
The hobgoblin twists and deforms.
The chess piece greys!
The helpless hobgoblin fails to defend itself.
You hit the hobgoblin. You freeze the hobgoblin.
You kill the hobgoblin!
You have reached level 2!
You closely miss something. Something bites you.
You closely miss something. Something bites you.
Something bites you but does no damage.
You barely miss something. Something bites you.
You miss something. Something bites you.
You miss something. Something bites you. x2
You miss something. Something completely misses you.
You closely miss something. Something bites you.
* * * LOW HITPOINT WARNING * * *
You closely miss something. Something bites you but does no damage.
You closely miss something. Something bites you.
* * * LOW HITPOINT WARNING * * *
Something bites you but does no damage.
You hit something but do no damage. Something bites you but does no damage.
You miss something. Something bites you but does no damage.
You miss something. Something bites you.
You die... "I guess I need a new plaything now."

.. #. #. .## ..# #.#
#{# #@# ##.##
####...#####
#............
#..#.#>#.#.##
#..#.###.#.#
#.....#.)..#
###.###....###...####.#
#........### ##......#


There were no monsters in sight!

Vanquished Creatures
  2 endoplasms (D:1)
  2 hobgoblins (D:1)
  2 rats (D:1)
6 creatures vanquished.

Notes
Turn   | Place    | Note
-------+----------+-------------------------------------------
     0 | D:1      | dolemite99 the Hill Orc Chaos Knight began the quest for
                  | the Orb.
     0 | D:1      | Reached XP level 1. HP: 19/19 MP: 1/1
    30 | D:1      | XOM: silly message
    32 | D:1      | XOM: silly message
    44 | D:1      | XOM: silly message
    67 | D:1      | Reached XP level 2. HP: 26/26 MP: 2/2
    78 | D:1      | Slain by a quokka

Illustrated notes

Levels and vault maps discovered:
D:1:      onia_arrival_handbag, layout_loops_ring, hangedman_decor_push

Action                   || total
-------------------------++-------
Melee: Hand axe          ||    26
Evoke: Piece from Xom's  ||    15
 Stab: Petrified         ||     1
Armor: Leather armour    ||     5
Dodge: Dodged            ||     7

Table legend: (Time is in decaauts)
 A = Elapsed time spent in this place.
 B = Non-inter-level travel time spent in this place.
 C = Inter-level travel time spent in this place.
 D = Time resting spent in this place.
 E = Time spent auto-exploring this place.
 F = Levels seen in this place.
 G = Mean time per level.
                   A        B        C        D        E       F      G
               +--------+--------+--------+--------+--------+-----+--------+
         Total |     79 |     79 |      0 |      0 |     26 |   1 |   79.0 |
       Dungeon |     79 |     79 |      0 |      0 |     26 |   1 |   79.0 |
               +--------+--------+--------+--------+--------+-----+--------+

Top non-repeatable levels by time:
     D:1: 79 daAuts
